Map: [ESL] Alcyone

Players

Classic

  • Race: Protoss Protoss
  • Spawn Location: 1:00

Cure - Winner!

  • Race: Terran Terran
  • Spawn Location: 7:00

Event: ESL Spring 2024 Finals

VOD

Have the link to the VOD?

Description

Time

  • Played on: June 1, 2024, 2:02 p.m.
  • Length: 14:16

All games in this series

Show
View Real Time Build Order
Export as new Build Order

Classic Protoss 

Build Orders: 1 Gate Expand, Oracle Opening 

Get SALT Encoding   

  12  0:00  Probe  
  13  0:12  Probe  
  14  0:17  Pylon  
  14  0:24  Probe (Chrono Boost)  
  15  0:36  Gateway, Probe (Chrono Boost)  
  16  0:44  Probe (Chrono Boost)  
  16  0:45  Assimilator  
  17  0:51  Probe  
  18  1:03  Probe  
  19  1:15  Probe  
  20  1:23  Cybernetics Core  
  20  1:33  Nexus  
  20  1:37  Pylon  
  20  1:41  Probe  
  21  1:48  Assimilator  
  21  1:53  Probe  
  22  1:56  Adept (Chrono Boost)  
  24  2:05  Probe  
  25  2:17  Probe  
  25  2:19  Adept (Chrono Boost)  
  28  2:26  Stargate  
  28  2:29  Probe  
  29  2:38  Warp Gate  
  29  2:41  Probe  
  30  2:46  Adept (Chrono Boost), Probe  
  33  2:57  Probe  
  33  2:58  Probe  
  35  3:07  Oracle (Chrono Boost)  
  35  3:09  Probe  
  35  3:10  Probe (Chrono Boost)  
  38  3:15  Shield Battery  
  38  3:17  Stalker  
  40  3:22  Probe (Chrono Boost)  
  40  3:24  Pylon  
  41  3:27  Probe (Chrono Boost)  
  41  3:31  Probe (Chrono Boost)  
  43  3:34  Probe (Chrono Boost)  
  43  3:36  Probe  
  44  3:45  Probe  
  47  3:49  Probe  
  47  3:54  Twilight Council  
  46  3:56  Gateway x2  
  46  3:57  Probe  
  46  4:00  Pylon  
  46  4:01  Probe  
  48  4:05  Assimilator  
  49  4:10  Probe  
  49  4:13  Probe  
  49  4:15  Pylon  
  50  4:26  Stalker, Nexus  
  50  4:30  Blink (Chrono Boost), Pylon  
  52  4:41  Probe x2  
  52  4:45  Oracle (Chrono Boost)  
  54  4:53  Stalker  
  54  4:54  Stalker  
  54  4:58  Stalker  
  60  5:01  Probe x2  
  60  5:05  Pylon  
  62  5:22  Stalker  
  62  5:23  Stalker x2  
  62  5:26  Pylon  
  66  5:30  Nexus  
  66  5:35  Assimilator  
  66  5:37  Robotics Facility  
  66  5:39  Pylon  
  66  5:40  Probe x2  
  68  5:49  Stalker x3  
  74  5:54  Probe x2  
  76  5:59  Pylon  
  76  6:07  Phoenix (Chrono Boost)  
  76  6:11  Probe x2  
  76  6:22  Warp Prism (Chrono Boost)  
  76  6:24  Stalker x3  
  84  6:27  Probe  
  84  6:29  Probe  
  86  6:39  Probe  
  87  6:41  Probe  
  87  6:46  Robotics Bay, Probe  
  89  6:51  Probe  
  89  6:52  Stalker x3  
  96  6:55  Probe  
  96  6:59  Charge, Probe  
  98  7:03  Probe  
  98  7:05  Gateway  
  99  7:10  Gateway  
  99  7:12  Gateway  
  91  7:24  Zealot x2  
  91  7:27  Shield Battery  
  91  7:29  Probe x3, Colossus (Chrono Boost)  
  96  7:33  Shield Battery  
  102  7:41  Extended Thermal Lance, Probe x3  
  102  7:43  Pylon  
  105  7:46  Forge  
  105  7:53  Probe x2  
  105  7:54  Probe  
  105  7:57  Sentry  
  110  8:04  Gateway x2  
  110  8:06  Assimilator  
  110  8:07  Pylon  
  110  8:09  Colossus (Chrono Boost)  
  116  8:13  Pylon  
  116  8:15  Probe x3  
  116  8:17  Assimilator, Stalker  
  121  8:22  Pylon  
  121  8:24  Stalker x2  
  125  8:32  Zealot x2  
  127  8:55  Stalker x3, Nexus  
  133  8:56  Pylon  
  130  9:03  Protoss Ground Weapons Level 1 (Chrono Boost)  
  130  9:08  Pylon  
  128  9:10  Pylon  
  128  9:14  Colossus (Chrono Boost)  
  134  9:19  Templar Archives  
  128  9:32  Stalker  
  128  9:33  Stalker  
  132  9:41  Zealot x4  
  132  9:45  Probe x2, Pylon  
  141  9:46  Probe  
  143  9:57  Probe  
  143  9:59  Warp Prism (Chrono Boost), Pylon  
  144  10:02  High Templar  
  144  10:03  Zealot x4, High Templar x3  
  144  10:06  Pylon  
  162  10:07  Archon x2  
  162  10:12  Pylon  
  162  10:15  Forge  
  162  10:17  Pylon  
  162  10:26  Zealot x2, High Templar x2  
  162  10:27  Probe x2  
  162  10:28  Probe x2  
  174  10:33  Archon  
  174  10:38  Stalker x4  
  182  10:49  Protoss Ground Weapons Level 2 (Chrono Boost)  
  182  10:50  Stalker  
  182  10:51  Stalker, Protoss Ground Armor Level 1 (Chrono Boost)  
  182  11:07  Zealot x6  
  189  11:13  Colossus (Chrono Boost)  
  155  11:31  Zealot x8  
  129  11:35  Robotics Facility  
  125  11:43  Shield Battery  
  125  11:44  Shield Battery  
  123  11:53  Stalker x8  
  139  11:56  Colossus (Chrono Boost)  
  139  12:17  Stalker x7  
  147  12:24  Zealot  
  96  12:43  Zealot x7  
  90  12:46  Stalker  
  78  13:06  Zealot  
  78  13:07  Zealot x6  
  78  13:12  Zealot  
  89  13:18  Pylon  
  69  13:27  Zealot x2  
  69  13:28  Zealot  
  69  13:33  Zealot x2  
  75  13:37  Zealot  
  67  13:42  Zealot  
  67  13:44  Stalker  
  45  13:49  Stalker x3  
  49  13:55  Zealot  
  49  13:56  Zealot  
  49  13:57  Zealot  
  50  14:06  Zealot  
Show
View Real Time Build Order
Export as new Build Order

Cure Terran - Winner!

Build Orders: Cyclone Opening 

Get SALT Encoding   

  12  0:00  SCV  
  13  0:12  SCV  
  14  0:17  Supply Depot  
  14  0:24  SCV  
  15  0:38  SCV  
  15  0:40  Barracks  
  15  0:42  Refinery  
  16  0:50  SCV  
  16  0:52  Refinery  
  17  1:02  SCV  
  18  1:14  SCV  
  19  1:26  Reaper  
  19  1:27  Orbital Command, Supply Depot  
  20  1:40  Factory  
  20  1:52  SCV  
  21  2:03  Barracks Reactor  
  21  2:04  SCV  
  22  2:15  Command Center  
  22  2:16  SCV  
  23  2:23  Cyclone  
  23  2:28  SCV  
  26  2:38  Starport  
  26  2:41  SCV  
  26  2:43  Marine x2  
  29  2:52  Supply Depot  
  29  2:55  SCV  
  30  3:01  Marine  
  31  3:13  SCV, Marine  
  31  3:14  Widow Mine  
  31  3:16  Medivac  
  37  3:25  SCV  
  38  3:27  Marine  
  39  3:40  Orbital Command, Marine, Cyclone  
  39  3:41  SCV  
  43  3:46  Marine  
  44  3:51  Viking  
  45  3:56  SCV  
  45  3:57  Marine  
  47  4:06  SCV  
  47  4:08  Supply Depot, SCV  
  49  4:11  Marine  
  49  4:13  Cyclone  
  49  4:15  Marine  
  53  4:18  SCV  
  53  4:19  Supply Depot  
  54  4:30  SCV x2, Viking  
  58  4:32  Marine  
  58  4:33  Marine  
  59  4:42  SCV x2  
  57  4:47  Cyclone  
  57  4:50  Marine  
  57  4:51  Supply Depot, Marine  
  60  4:53  Barracks  
  60  4:54  SCV x2  
  62  5:00  Barracks  
  62  5:12  Marine x2  
  62  5:13  SCV x2  
  66  5:18  Starport Tech Lab  
  66  5:20  Engineering Bay  
  66  5:21  Supply Depot  
  66  5:22  Factory Tech Lab  
  66  5:25  SCV  
  65  5:28  SCV  
  65  5:30  Marine x2  
  65  5:33  Supply Depot, Bunker  
  68  5:37  SCV  
  70  5:43  SCV  
  70  5:48  Marine  
  70  5:49  SCV  
  71  5:53  Marauder, Stimpack  
  71  5:55  SCV, Refinery, Terran Infantry Weapons Level 1  
  70  5:57  Marine  
  70  5:59  Starport Reactor  
  70  6:01  SCV  
  69  6:06  Marine  
  69  6:07  SCV  
  71  6:13  SCV, Marauder  
  71  6:15  Factory Reactor  
  71  6:17  Missile Turret  
  74  6:19  SCV  
  74  6:24  Marine x2  
  74  6:25  Combat Shield, SCV  
  78  6:31  SCV  
  78  6:32  Supply Depot  
  79  6:33  Marauder  
  79  6:36  Marauder  
  79  6:37  SCV  
  78  6:43  SCV, Medivac  
  78  6:44  Medivac  
  78  6:45  Supply Depot  
  83  6:49  SCV  
  83  6:51  Refinery  
  84  6:55  SCV  
  84  6:57  Marine x2, Marauder x2  
  84  6:58  Widow Mine  
  93  7:02  SCV  
  93  7:04  Supply Depot  
  93  7:07  Widow Mine  
  93  7:08  SCV  
  95  7:18  Marine x2  
  95  7:19  Marauder x2  
  97  7:23  Medivac x2  
  97  7:24  SCV  
  97  7:25  SCV  
  97  7:26  Supply Depot  
  103  7:30  Supply Depot, Widow Mine x2  
  107  7:39  Concussive Shells  
  107  7:41  Marine, Marauder  
  110  7:48  Marine, Marauder  
  110  7:50  Supply Depot  
  113  7:53  Supply Depot  
  113  7:55  Medivac x2  
  117  8:07  Command Center  
  117  8:09  Marauder  
  117  8:10  Marine x2, Marauder  
  117  8:11  Terran Infantry Armor Level 1  
  123  8:24  SCV x2  
  125  8:36  SCV x2  
  125  8:38  Barracks  
  125  8:39  Barracks, Viking x2  
  126  8:48  Supply Depot, SCV x2  
  126  8:52  Marine x2, Marauder x2  
  133  9:00  SCV x2  
  133  9:01  Widow Mine x2  
  135  9:09  Viking x2  
  137  9:12  SCV x2  
  135  9:24  SCV  
  135  9:25  SCV  
  135  9:26  Orbital Command  
  135  9:28  Marine x2  
  135  9:29  Marauder x2  
  135  9:30  Barracks Tech Lab, Barracks Reactor  
  143  9:37  SCV x2  
  145  9:40  Viking x2  
  147  9:49  SCV x2  
  149  9:53  Ghost Academy  
  149  9:54  Widow Mine x2  
  149  9:56  SCV  
  154  10:01  SCV x2  
  154  10:06  Refinery x2  
  156  10:07  Supply Depot  
  156  10:08  Supply Depot, Command Center  
  156  10:11  Viking  
  158  10:14  Viking  
  158  10:17  SCV x3  
  163  10:23  Armory  
  163  10:25  Engineering Bay  
  163  10:28  Ghost  
  163  10:29  Ghost  
  163  10:34  Ghost  
  168  10:37  Marine x4, Widow Mine x2  
  168  10:39  Supply Depot  
  168  10:40  Supply Depot  
  176  10:51  Viking x2  
  180  11:00  Ghost x2  
  180  11:01  Marine x2  
  180  11:02  Marine x2, Ghost  
  186  11:14  Orbital Command  
  186  11:16  Orbital Command  
  179  11:23  Marine x4  
  179  11:24  Widow Mine x2  
  154  11:29  Marauder x2  
  154  11:32  Marauder  
  138  11:41  Marine x3  
  138  11:43  Orbital Command  
  138  11:56  Medivac  
  139  12:02  Medivac  
  141  12:13  Marauder x3  
  141  12:14  Marine x2  
  109  12:33  Marine x4  
  109  12:34  Marauder x2  
  109  12:35  Marauder  
  90  12:51  Marine x4  
  90  12:52  Medivac  
  90  12:56  Marauder x2  
  90  12:58  Marauder  
  97  13:09  Marine  
  96  13:17  Marine x3, Marauder  
  96  13:18  Marauder  
  96  13:19  Marine  
  90  13:26  Marine  
  90  13:37  Marauder  
  92  13:43  Marine x3  
  92  13:44  Marauder x2  
  96  13:56  Marine  
Tags
 
Add a new tag
Caveats
  • Supply blocks, unpowered buildings, or Contaminate may cause inaccurate times.
  • Supply counts are checked every 10 seconds.